[Event "*** SCC Grand Prix: Titled Tuesday Blitz"]
[Site "Chess.com"]
[Date "2020.07.21"]
[Round "2"]
[White "ShimanovAlex"]
[Black "szachuspl"]
[Result "1/2-1/2"]
[WhiteElo "2804"]
[BlackElo "2541"]
[TimeControl "180+1"]
[EndTime "10:18:22 PDT"]
[Termination "Game drawn - insufficient material"]

1. e4 c5 2. Nc3 e6 3. Nf3 Nc6 4. d4 cxd4 5. Nxd4 a6 6. Nxc6 bxc6 7. e5 Qc7 8. Qe2 d5 9. exd6 Bxd6 10. Ne4 Be7 11. g3 Nf6 12. Bg2 O-O 13. O-O Bb7 14. b3 c5 15. Bb2 Nxe4 16. Bxe4 Bxe4 17. Qxe4 Rfd8 18. Rad1 h6 19. Rd3 Rxd3 20. Qxa8+ Rd8 21. Qxa6 c4 22. Qxc4 Qxc4 23. bxc4 Rc8 24. a4 Rxc4 25. Ra1 Rxc2 26. Bd4 Rc4 27. Be3 Bc5 28. Bxc5 Rxc5 29. a5 Rc7 30. a6 Ra7 31. Kg2 Kf8 32. Kf3 Ke7 33. Ke4 Kd6 34. g4 Kc6 35. Ke5 Kd7 36. h4 f6+ 37. Kd4 Kc6 38. h5 Kb6 39. f4 Rd7+ 40. Ke4 Ka7 41. Rc1 Kb6 42. Rc8 Re7 43. Ra8 e5 44. fxe5 Rxe5+ 45. Kf4 Rg5 46. Kf3 Ka5 47. Ra7 Kb6 48. Ra8 f5 49. gxf5 Rxf5+ 50.
Kg4 Rg5+ 51. Kh4 Ka5 52. Ra7 Kb6 53. Ra8 g6 54. hxg6 Rxg6 55. Kh5 Rg7 56. Rh8 Kxa6 57. Rxh6+ Kb7 58. Rg6 Rxg6 59. Kxg6 1/2-1/2

[Event "*** SCC Grand Prix: Titled Tuesday Blitz"]
[Site "Chess.com"]
[Date "2020.07.21"]
[Round "2"]
[White "Korchmar_Vasiliy"]
[Black "PowerThinking2650"]
[Result "0-1"]
[WhiteElo "2623"]
[BlackElo "2355"]
[TimeControl "180+1"]
[EndTime "10:18:22 PDT"]
[Termination "PowerThinking2650 won on time"]

1. d4 Nf6 2. Nf3 g6 3. Bg5 Bg7 4. Nbd2 d5 5. e3 O-O 6. Be2 c5 7. c3 h6 8. Bh4 cxd4 9. exd4 Nc6 10. O-O g5 11. Bg3 Nh5 12. Re1 f6 13. Bd3 Nxg3 14.
hxg3 e5 15. c4 Nb4 16. Bg6 e4 17. Qb3 Nd3 18. cxd5 Nxe1 19. Nxe1 f5 20. g4 Qf6 21. Bxf5 Bxf5 22. gxf5 Qxf5 23. Qe3 Qxd5 24. Qxe4 Qxe4 25.
Nxe4 Rae8 26. Ng3 Bxd4 27. Nf3 Bb6 28. Rf1 g4 29. Nh4 Rc8 30. Nhf5 Kh7 31. Re1 Rf7 32. Re6 Rc1+ 33. Kh2 Bxf2 34. Rxh6+ Kg8 35. Rg6+ Kf8 36. Rxg4 Rh7+ 37. Nh4 Bg1+ 38. Kh3 Bb6 39. Rf4+ Rf7 40. Ng6+ Kg7 41. Rg4 Rf6 42. Nh5+ Kf7 43. Nxf6 Kxf6 44. Nf4 Rc2 45. Nd5+ Kf5 46. Nxb6 axb6 47. Rb4 Rc6 48. g3 Ke5 0-1

[Event "*** SCC Grand Prix: Titled Tuesday Blitz"]
[Site "Chess.com"]
[Date "2020.07.21"]
[Round "2"]
[White "davigator"]
[Black "kingmonkey2006"]
[Result "1-0"]
[WhiteElo "2337"]
[BlackElo "2613"]
[TimeControl "180+1"]
[EndTime "10:18:22 PDT"]
[Termination "davigator won by checkmate"]

1. e4 c5 2. Nf3 d6 3. d4 cxd4 4. Nxd4 Nf6 5. Nc3 a6 6. Bg5 e6 7.
f4 Be7 8. Qf3 h6 9. Bxf6 Bxf6 10. O-O-O Qb6 11. Nde2 Be7 12. g4 Nc6 13. h4 Bd7 14. g5 O-O-O 15. Bh3 hxg5 16. hxg5 Qc5 17. Bg2 Kb8 18. a3 g6 19. Kb1 Bc8 20. Rh6 Rxh6 21.
gxh6 Rh8 22. Rh1 Bf6 23. Qg3 Nd4 24. Qe3 Nxe2 25. Qxc5 Nxc3+ 26. Qxc3 Bxc3 27. bxc3 Kc7 28. e5 dxe5 29. fxe5 Rh7 30. Be4 Bd7 31. Rh2 Bc6 32. Bd3 Kb6 33. Kc1 Kc5 34. Kd2 Kd5 35. Rh5 Rh8 36. c4+ Kd4 37. c3+ Kc5 38. Rh4 Rh7 39. Ke3 Kb6 40. Kf4 Kc7 41. Kg5 Kd7 42. Kf6 Ke8 43.
Bxg6 fxg6 44. Kxg6 Rh8 45. Kg7 Rf8 46. h7 Rf7+ 47. Kg6 Rf8 48. h8=Q Rxh8 49. Rxh8+ Kd7 50.
Kf6 Be4 51. Rh5 Kc6 52. Kxe6 Bd3 53. Rh4 Kc5 54. Kd7 b5 55. cxb5 axb5 56. e6 Bf5 57. Rh5 Kc4 58. Rxf5 Kxc3 59. Rxb5 Kc4 60. Rb1 Kc3 61. e7 Kc2 62. Rb4 Kc3 63. e8=Q Kc2 64. Qe2+ Kc3 65. Rc4+ Kb3 66. Qc2+ Kxa3 67. Ra4# 1-0

[Event "*** SCC Grand Prix: Titled Tuesday Blitz"]
[Site "Chess.com"]
[Date "2020.07.21"]
[Round "2"]
[White "IwkooO"]
[Black "isainz"]
[Result "1-0"]
[WhiteElo "2611"]
[BlackElo "2132"]
[TimeControl "180+1"]
[EndTime "10:18:22 PDT"]
[Termination "IwkooO won on time"]

1. c4 Nf6 2. Nc3 g6 3. g3 Bg7 4. Bg2 O-O 5. Nf3 d6 6. d4 Nbd7 7. O-O e5 8. b3 Re8 9. Bb2 exd4 10. Nxd4 c6 11. Qd2 Ne5 12. Rad1 Bd7 13. Nc2 Re6 14.
Nd4 Re7 15. Nf3 Nxf3+ 16. Bxf3 Re6 17. Qc2 Qc7 18. Rd2 Rd8 19. Rfd1 Bc8 20. e3 Ree8 21. Qc1 Bf5 22. Qa1 Qe7 23. Ne2 Nh5 24. Bxh5 Bxb2 25. Qxb2 gxh5 26. Qd4 h4 27. Qxh4 Qxh4 28.
gxh4 Bg4 29. Kg2 d5 30. f3 Be6 31. e4 f5 32. Nf4 fxe4 33. fxe4 Bg4 34. Rg1 dxe4 35. Rxd8 Rxd8 36. Kf2 h5 37. h3 Rd2+ 38. Ke3 Rxa2 39. hxg4 hxg4 40. Rxg4+ Kf8 41. Kxe4 Rb2 42. Rg3 a5 43. h5 b5 44. cxb5 cxb5 45. Kf5 Rh2 46.
Kf6 a4 47. bxa4 bxa4 48. Ne6+ Ke8 49. Kg6 Kd7 50. Ng5 Kc6 51. h6 Kb5 52. h7 Kb4 53. Nh3 a3 54. h8=Q 1-0

[Event "*** SCC Grand Prix: Titled Tuesday Blitz"]
[Site "Chess.com"]
[Date "2020.07.21"]
[Round "2"]
[White "vanyakuba"]
[Black "Quiet_Desperation"]
[Result "1-0"]
[WhiteElo "2448"]
[BlackElo "2229"]
[TimeControl "180+1"]
[EndTime "10:18:22 PDT"]
[Termination "vanyakuba won by resignation"]

1. e4 e6 2. d4 d5 3. exd5 exd5 4.
Nf3 c6 5. c4 Bg4 6. Nc3 Nf6 7.
Bd3 dxc4 8. Bxc4 Bxf3 9. Qxf3 Qxd4 10. Qe2+ Be7 11. Be3 Qe5 12. f4 Qa5 13. O-O O-O 14.
Kh1 Bc5 15. Bd2 Re8 16. Qf3 Qc7 17. g4 Nbd7 18. g5 Nd5 19. Nxd5 cxd5 20. Bxd5 Nb6 21. Bb3 Rad8 22. Bc3 Re3 23. Qg2 Rde8 24. Rae1 Rxe1 25.
Rxe1 Rxe1+ 26. Bxe1 Qxf4 27. h4 Qe3 28. Bg3 g6 29.
Kh2 Qe7 30. Qf3 Bd6 31. Bxd6 Qxd6+ 32. Kh3 Qd7+ 33. Kg3 Qc7+ 34. Kh3 a5 35. a3 a4 36. Ba2 Qd7+ 37. Kg3 Qe7 38. Qf4 Kg7 39. Qd4+ Kg8 40.
Qxb6 Kg7 41. Qd4+ Kg8 42. Bd5 Qd6+ 43. Kf3 Qe7 44. Qe4 Qc7 45. Bxb7 Kg7 46. Bd5 Kg8 47.
Qf4 Qe7 48. Bxf7+ Qxf7 49. Qxf7+ Kxf7 50. Ke4 Ke6 51. Kd4 Kf5 52. Kc4 Kg4 53. b4 axb3 54. Kxb3 Kxh4 55. a4 Kxg5 56. a5 h5 57. a6 h4 58. a7 h3 59. a8=Q 1-0

[Event "*** SCC Grand Prix: Titled Tuesday Blitz"]
[Site "Chess.com"]
[Date "2020.07.21"]
[Round "2"]
[White "LimaRR"]
[Black "killer311"]
[Result "1-0"]
[WhiteElo "2113"]
[BlackElo "2376"]
[TimeControl "180+1"]
[EndTime "10:18:22 PDT"]
[Termination "LimaRR won by checkmate"]

1. e4 c6 2. d4 d5 3. Nc3 dxe4 4.
Nxe4 Bf5 5. Ng3 Bg6 6. h4 h6 7. Nf3 Nf6 8. Ne5 Bh7 9. Bd3 Bxd3 10. Qxd3 e6 11. Be3 Nbd7 12. Nxd7 Qxd7 13. O-O-O Bd6 14. Ne4 Nxe4 15. Qxe4 O-O 16. g4 Qc7 17. g5 h5 18.
g6 Rae8 19. gxf7+ Qxf7 20. Rhg1 Qf5 21. Qg2 Rf7 22. Kb1 e5 23. Qh2 exd4 24. Qxd6 dxe3 25. fxe3 Rxe3 26. Rg5 Qf3 27. Rdg1 Qf1+ 28. Qd1 Qxd1+ 29.
Rxd1 Re4 30. Rxh5 g6 31. Rg5 Kh7 32. h5 gxh5 33. Rxh5+ Kg6 34. Rhh1 Rg4 35. Rhg1 Kg5 36. Rxg4+ Kxg4 37. Rg1+ Kh3 38. Rd1 Re7 39. b3 Kg3 40. Kb2 Kf3 41. a4 Ke2 42. Rd6 a5 43. Rd8 Ke3 44. Ra8 b6 45. Rb8 Kd4 46. Rxb6 Kc5 47. Ra6 Re2 48. Rxa5+ Kb6 49. Ra8 Rf2 50. Rb8+ Ka7 51.
Rb4 c5 52. Rc4 Kb7 53. Rxc5 Kb6 54. Rc4 Rg2 55. b4 Rf2 56. Kb3 Rf3+ 57. c3 Rf2 58.
a5+ Kb7 59. b5 Rf5 60. Kb4 Rf1 61. a6+ Kb6 62. Rc6+ Ka7 63. c4 Kb8 64. b6 Rf8 65.
Kb5 Ka8 66. c5 Rg8 67. Rd6 Kb8 68. Rd5 Rf8 69. c6 Ka8 70. c7 Re8 71. Rd8+ Rxd8 72. cxd8=Q# 1-0

[Event "*** SCC Grand Prix: Titled Tuesday Blitz"]
[Site "Chess.com"]
[Date "2020.07.21"]
[Round "2"]
[White "TargetA"]
[Black "Anton_Demchenko"]
[Result "0-1"]
[WhiteElo "2544"]
[BlackElo "2830"]
[TimeControl "180+1"]
[EndTime "10:18:23 PDT"]
[Termination "Anton_Demchenko won by resignation"]

1. e4 e5 2. Nf3 Nc6 3. Bc4 Nf6 4. d3 Be7 5. O-O O-O 6. Nbd2 d6 7. c3 Kh8 8. Re1 Ng8 9. d4 Bg4 10. h3 Bh5 11. Be2 Bg6 12. Bf1 exd4 13. cxd4 d5 14.
e5 Nb4 15. Nb3 Nc2 16. Be3 Nxa1 17. Qxa1 a5 18. Qc1 b6 19. Nbd2 c5 20. Qc3 c4 21.
a4 Bb4 22. Qc1 Rc8 23. Re2 Bd3 24. Re1 Bf5 25. Re2 Qe8 26. Qd1 Bd7 27. b3 c3 28.
Nb1 Bf5 29. Ne1 f6 30. Nc2 Qg6 31. Bf4 Bxh3 32. e6 Bg4 33. Qc1 Bxe2 34. Bxe2 Rce8 35. Ne3 Rxe6 36. Bf3 c2 37. Qxc2 Rxe3 38. Qxg6 Re1+ 39. Kh2 hxg6 40. Nd2 Bxd2 41. Bxd2 Re4 42. Bxe4 dxe4 43. Kg3 g5 44. f3 Re8 45. Kf2 exf3 46. gxf3 Ne7 47. b4 Ra8 48. b5 Nd5 49. Ke2 Kh7 50. Kd3 Kg6 51. Ke4 Rd8 52. Be1 Kf7 53. Bg3 Ke6 54.
Bh2 Rc8 55. f4 f5+ 56. Kd3 g4 57. Bg3 Rc3+ 58. Kd2 Ra3 59. Bh4 Rxa4 60. Bd8 Rb4 61. Bxb6 Rxb5 62. Bc5 a4 63. Kd3 Rb3+ 64. Kc2 g6 65. Bf8 Kd7 66. Bc5 Kc6 67. Bf8 Kb5 68. Bc5 Kc4 69. Bf8 Nxf4 70. Bd6 Nd5 71. Be5 g5 72. Bd6 f4 0-1

[Event "*** SCC Grand Prix: Titled Tuesday Blitz"]
[Site "Chess.com"]
[Date "2020.07.21"]
[Round "2"]
[White "FMJoseHerrera"]
[Black "MiroVlasenko"]
[Result "1-0"]
[WhiteElo "2505"]
[BlackElo "2721"]
[TimeControl "180+1"]
[EndTime "10:18:23 PDT"]
[Termination "FMJoseHerrera won by resignation"]

1. Nf3 Nc6 2. g3 e5 3. Bg2 f5 4. d3 Nf6 5. Nc3 d6 6. e4 g6 7. h4 Bg7 8. h5 Nxh5 9. Bg5 Nf6 10. Qd2 Be6 11. O-O-O Qd7 12. exf5 Bxf5 13. Nh4 Bg4 14. f3 Be6 15. f4 O-O-O 16. Nf3 exf4 17. Bxf4 Rde8 18. Ng5 Bg4 19. Rde1 h6 20. Nge4 g5 21. Be3 Nxe4 22. Bxe4 Rhf8 23. Qg2 Kb8 24. a3 Ne5 25. Bxb7 c6 26. Ba6 Bf3 27. Qg1 Bxh1 28. Qxh1 Nf3 29. Re2 d5 30. d4 Nxd4 31. Bxd4 Bxd4 32. Qxh6 Bxc3 33. bxc3 Rxe2 34. Bxe2 Re8 35. Bd3 g4 36. Qf4+ Kb7 37. Qa4 Qd6 38. Qa6+ Kb8 39. Kb2 Re7 40. Ka2 Rb7 41. Qa4 Qxg3 42. Qxc6 Qc7 43. Qe8+ Qc8 44.
Qe5+ Ka8 45. Qxd5 g3 46. Be4 a6 47. Bg2 Kb8 48. Qe5+ Qc7 49. Qe8+ Ka7 50. Qe3+ Rb6 51.
a4 Qc4+ 52. Ka3 a5 53. Qe7+ Ka6 54. Qe5 Qc8 55. Bf1+ Ka7 56. Qxa5+ Kb7 57. Bg2+ Kc7 58. Qc5+ Kd7 59. Bh3+ 1-0

[Event "*** SCC Grand Prix: Titled Tuesday Blitz"]
[Site "Chess.com"]
[Date "2020.07.21"]
[Round "2"]
[White "ExtremeLearner"]
[Black "Thipsay"]
[Result "1-0"]
[WhiteElo "2270"]
[BlackElo "2450"]
[TimeControl "180+1"]
[EndTime "10:18:23 PDT"]
[Termination "ExtremeLearner won by checkmate"]

1. d4 Nf6 2. Bf4 g6 3. Nc3 d5 4.
e3 Bg7 5. h4 c6 6. Nf3 Bg4 7.
Qd2 Bxf3 8. gxf3 Nbd7 9. Bd3 Qa5 10. O-O-O O-O-O 11. Kb1 Nh5 12. Nb5 Qb6 13. Bc7 Qxb5 14.
Bxb5 Kxc7 15. Be2 e5 16. dxe5 Nxe5 17. f4 Nd7 18. Bxh5 gxh5 19. Qe2 Nf6 20. Rhg1 Bh6 21.
Qd3 Rhe8 22. Qf5 Ne4 23. Qxf7+ Kb8 24. Qxh7 Bf8 25. Qxh5 Nxf2 26. Rde1 Ne4 27. Qg6 Bc5 28. h5 Nd2+ 29. Ka1 Nf3 30. h6 Nxg1 31. Qxg1 d4 32.
exd4 Rxe1+ 33. Qxe1 Bxd4 34. c3 Bf6 35. a4 Kc7 36.
Qe6 Rf8 37. h7 Kb6 38. Qe3+ Ka6 39. Qd3+ Kb6 40. Qd6 Rh8 41. Qxf6 Rxh7 42. Qd4+ Kc7 43. Qe5+ Kb6 44. a5+ Ka6 45. Ka2 Rd7 46. b4 Rd2+ 47. Kb3 b5 48. axb6 axb6 49. Qb8 b5 50. Qa8+ Kb6 51. Qb8+ Ka6 52. f5 Rf2 53. Qc8+ Kb6 54. f6 Rf3 55. Qd8+ Ka6 56. Qe7 Kb6 57. f7 Ka6 58. f8=Q Rxf8 59. Qxf8 Kb7 60. Qe7+ Kb6 61. c4 bxc4+ 62. Kxc4 Ka6 63. Qc7 c5 64. b5# 1-0

[Event "*** SCC Grand Prix: Titled Tuesday Blitz"]
[Site "Chess.com"]
[Date "2020.07.21"]
[Round "2"]
[White "bugsbunny444"]
[Black "KuzubovYuriy"]
[Result "1-0"]
[WhiteElo "2571"]
[BlackElo "2822"]
[TimeControl "180+1"]
[EndTime "10:18:24 PDT"]
[Termination "bugsbunny444 won on time"]

1. Nf3 d5 2. c4 dxc4 3. e4 Nf6 4. Bxc4 Nxe4 5. Qa4+ Nc6 6. Bxf7+ Kxf7 7. Qxe4 e5 8. O-O Be7 9. Nc3 Be6 10. Re1 Qd7 11.
Qxc6 bxc6 12. Nxe5+ Ke8 13. Nxd7 Kxd7 14. b3 Rhe8 15. Bb2 Bf8 16. Rac1 Bf5 17. Na4 Rxe1+ 18. Rxe1 Re8 19. Rxe8 Kxe8 20. Bd4 a6 21. f3 Bb1 22. Nc3 Bc2 23. Kf2 c5 24. Be5 Kd7 25.
Ke2 Bf5 26. d3 Kc6 27. g4 Be6 28. h4 g6 29. Ne4 Be7 30. Bf6 Bf8 31. Ng5 Bg8 32.
Kd2 a5 33. Kc3 Kb5 34. a4+ Kc6 35. Ne4 Bd6 36. Bg7 h5 37. gxh5 gxh5 38. Kc2 Be6 39. Nf6 Bf7 40. Ne4 Bf4 41. Bc3 Kb6 42. Bd2 Bd6 43. Ng5 Bd5 44. Ne4 Be7 45. Bg5 Bf8 46. Nf6 Bc6 47. Nxh5 Bxf3 48. Nf6 Kc6 49.
Ne4 Bh5 50. Nd2 1-0

[Event "*** SCC Grand Prix: Titled Tuesday Blitz"]
[Site "Chess.com"]
[Date "2020.07.21"]
[Round "2"]
[White "Makswolf200817"]
[Black "1977Ivan"]
[Result "1/2-1/2"]
[WhiteElo "2469"]
[BlackElo "2678"]
[TimeControl "180+1"]
[EndTime "10:18:24 PDT"]
[Termination "Game drawn - insufficient material"]

1. d4 Nf6 2. c4 e6 3. g3 c5 4. Nf3 cxd4 5. Nxd4 Bb4+ 6. Nc3 Qc7 7. Qd3 Nc6 8. Nb5 Qa5 9. Bg2 a6 10. Nd6+ Ke7 11.
Nxc8+ Raxc8 12. Bf4 Ne5 13. Bxe5 Qxe5 14. Bxb7 Bxc3+ 15. bxc3 Rc7 16. Bxa6 d5 17. cxd5 Nxd5 18. Qd4 Qxd4 19.
cxd4 Nb4 20. Bd3 Nxd3+ 21. exd3 Ra8 22. a4 Rca7 23. Kd2 Rxa4 24. Rxa4 Rxa4 25. Ke3 Ra5 26. Rb1 h5 27. Rb7+ Kf6 28. h4 g6 29. Rc7 Rd5 30. Ke4 Ra5 31. Rc5 Ra4 32. Ke3 Ke7 33. Rb5 Kf6 34. d5 e5 35. Rb7 Rd4 36. Rd7 Ra4 37. f3 Rb4 38. Rd8 Ra4 39. d6 Rd4 40. f4 Rd5 41.
fxe5+ Kxe5 42. d7 Kf6 43. Ke4 Rd6 44. d4 Ke7 45. Ra8 Rxd7 46. d5 Kf6 47. Ra6+ Ke7 48. Ke5 Rb7 49. Rc6 Rd7 50. Ra6 f6+ 51. Rxf6 Rxd5+ 52. Kxd5 Kxf6 53. Ke4 g5 54. hxg5+ Kxg5 55. Kf3 h4 56.
gxh4+ Kxh4 1/2-1/2

[Event "*** SCC Grand Prix: Titled Tuesday Blitz"]
[Site "Chess.com"]
[Date "2020.07.21"]
[Round "2"]
[White "QuintilianoR"]
[Black "Khazieva_Elza"]
[Result "1-0"]
[WhiteElo "2676"]
[BlackElo "2353"]
[TimeControl "180+1"]
[EndTime "10:18:24 PDT"]
[Termination "QuintilianoR won on time"]

1. Nf3 Nf6 2. c4 d6 3. d4 Bf5 4. Nc3 c6 5. g3 h6 6. Bg2 Nbd7 7. O-O e5 8. d5 Bh7 9. dxc6 bxc6 10. b3 Qa5 11.
Bb2 Be7 12. Nd2 Rc8 13. Nde4 Nxe4 14. Nxe4 Bxe4 15. Bxe4 O-O 16. e3 Nf6 17. Bg2 Rfd8 18. Qe2 e4 19. Rfd1 d5 20. Bd4 Ne8 21. Qd2 Qxd2 22. Rxd2 Bf6 23. Rad1 dxc4 24. Bxe4 cxb3 25. axb3 c5 26. Bxf6 Rxd2 27. Rxd2 Nxf6 28. Bd3 Rc7 29. Bb5 g6 30. Rd8+ Kg7 31. Bc4 Ne4 32. Kg2 Re7 33. Rd5 Rc7 34. h4 Nc3 35. Rd8 Na2 36. f4 h5 37. e4 Nc3 38. e5 Ne4 39. Kf3 Nc3 40. Rd6 Rb7 41. g4 Na2 42. g5 Nc1 43. e6 fxe6 44. Rxe6 Nxb3 45. Bxb3 Rxb3+ 46. Ke4 Rb4+ 47. Ke5 c4 48. Re7+ Kf8 49. Rxa7 Rb6 50. Rc7 Rb4 51. f5 gxf5 52. Kf6 Rb6+ 53. Kxf5 Rb5+ 54. Kg6 1-0

[Event "*** SCC Grand Prix: Titled Tuesday Blitz"]
[Site "Chess.com"]
[Date "2020.07.21"]
[Round "2"]
[White "Ashedu66"]
[Black "maxip32"]
[Result "1-0"]
[WhiteElo "2229"]
[BlackElo "2421"]
[TimeControl "180+1"]
[EndTime "10:18:25 PDT"]
[Termination "Ashedu66 won by resignation"]

1. d4 Nf6 2. Nf3 g6 3. c4 Bg7 4.
Nc3 O-O 5. e4 d6 6. h3 e5 7. d5 Nh5 8. Nh2 Na6 9. g3 Nc5 10.
Be2 Nf6 11. Qc2 Bxh3 12. Nf3 Bg4 13. Bg5 h5 14. O-O-O a5 15. Ng1 Bxe2 16. Ngxe2 Qd7 17. f3 Nh7 18. Be3 f5 19. Kb1 fxe4 20. fxe4 Nf6 21. Bxc5 dxc5 22. d6 cxd6 23. Nb5 Ra6 24. Nec3 Rd8 25.
Rhf1 Ng4 26. Nd5 Rf8 27. Rxf8+ Bxf8 28. Rf1 Bg7 29. Qe2 Rc6 30. a3 Qe6 31. Rf3 Rc8 32. Qe1 Rf8 33. Rxf8+ Bxf8 34. Qxa5 Nf2 35. Qd8 Nxe4 36.
Nbc7 Qf7 37. Ne8 Qf1+ 38. Kc2 Qxc4+ 39. Nc3 Nxc3 40. Nf6+ Kf7 41. Qe8+ Kxf6 42. Qxf8+ Kg5 43. Qe7+ Kg4 44. Qh4+ Kf3 45. Qxc4 Ne4 46. Qd3+ Kg4 47. Qxe4+ Kxg3 48. Qxb7 h4 49. Qg7 h3 50. Qxg6+ Kf2 51.
Qf5+ Kg2 52. Qg4+ Kh2 53. a4 e4 54. a5 e3 55. a6 c4 56. a7 1-0

[Event "*** SCC Grand Prix: Titled Tuesday Blitz"]
[Site "Chess.com"]
[Date "2020.07.21"]
[Round "2"]
[White "Ze-Pequeno"]
[Black "Maksat-94"]
[Result "0-1"]
[WhiteElo "2242"]
[BlackElo "2459"]
[TimeControl "180+1"]
[EndTime "10:18:26 PDT"]
[Termination "Maksat-94 won on time"]

1. e4 c5 2. Nf3 Nc6 3. d4 cxd4 4. Nxd4 Nf6 5. Nc3 e5 6. Ndb5 d6 7. Bg5 a6 8. Na3 Be7 9. Nc4 O-O 10. Bxf6 Bxf6 11.
Bd3 Be6 12. Ne3 Bg5 13. O-O Bxe3 14. fxe3 Rc8 15. Nd5 Bxd5 16. exd5 Ne7 17. c4 Qb6 18. Qd2 a5 19. Kh1 Qb4 20. Qxb4 axb4 21. a3 bxa3 22.
Rxa3 e4 23. Be2 b5 24. Ra7 Ng6 25. b3 bxc4 26. Bxc4 Ne5 27. Ra4 g6 28. h3 Kg7 29.
Kh2 h5 30. Rd1 h4 31. Rd4 f5 32. Ra7+ Rf7 33. Ra6 Rd7 34. Rb6 Kf6 35. Bb5 Rdd8 36. Bc6 Rb8 37. Rdb4 Rxb6 38. Rxb6 g5 39. Kg1 f4 40.
exf4 gxf4 41. Kf2 e3+ 42. Ke2 Rg8 43. Kf1 e2+ 44. Kxe2 Rxg2+ 45. Kf1 f3 46. Rb8 Kf5 47. Rf8+ Ke4 0-1

[Event "*** SCC Grand Prix: Titled Tuesday Blitz"]
[Site "Chess.com"]
[Date "2020.07.21"]
[Round "2"]
[White "dopolian"]
[Black "Richarzard69"]
[Result "1-0"]
[WhiteElo "2430"]
[BlackElo "2199"]
[TimeControl "180+1"]
[EndTime "10:18:26 PDT"]
[Termination "dopolian won by resignation"]

1. Nf3 Nf6 2. c4 c5 3. b3 Nc6 4.
Bb2 d5 5. cxd5 Nxd5 6. g3 Bg4 7. Bg2 e6 8. O-O Nf6 9. d3 Be7 10. Nbd2 O-O 11. Rc1 Nd7 12. Nc4 Rc8 13. a3 h6 14. Qd2 Bxf3 15. Bxf3 Bg5 16. Ne3 Nd4 17. Qc3 Qb6 18. b4 Nxf3+ 19. exf3 Bf6 20. Qb3 cxb4 21. Bxf6 Nxf6 22. axb4 Qd4 23. Rc4 Qd7 24. Rfc1 Nd5 25. Rxc8 Rxc8 26. Rxc8+ Qxc8 27. Nxd5 exd5 28. Qxd5 b6 29.
b5 a5 30. bxa6 Qxa6 31. Qd8+ Kh7 32. Qd7 Kg6 33. d4 b5 34. d5 b4 35. Qc6+ Qxc6 36.
dxc6 b3 37. c7 b2 38. c8=Q b1=Q+ 39. Kg2 Qd3 40. Qc5 f5 41. Qc8 Kh7 42. Qe8 f4 43.
g4 Qd4 44. Qe4+ Qxe4 45. fxe4 g5 46. Kf1 Kg6 47. Ke2 Kf6 48. f3 Ke5 49. Kd3 Kd6 50.
Kd4 Ke6 51. e5 Ke7 52. Kd5 Kd7 53. e6+ Ke7 54. Ke5 Ke8 55. Kf5 Kf8 56. Kg6 Ke7 57. Kxh6 Kf6 58. e7 Kxe7 59. Kxg5 1-0

[Event "*** SCC Grand Prix: Titled Tuesday Blitz"]
[Site "Chess.com"]
[Date "2020.07.21"]
[Round "2"]
[White "Klaus1995"]
[Black "mjray79"]
[Result "0-1"]
[WhiteElo "1902"]
[BlackElo "2350"]
[TimeControl "180+1"]
[EndTime "10:18:26 PDT"]
[Termination "mjray79 won on time"]

1. e4 e5 2. Nf3 Nc6 3. Bc4 Bc5 4. c3 Nf6 5. d3 O-O 6. O-O d5 7. exd5 Nxd5 8. Re1 Bg4 9. Nbd2 Nb6 10. Qe2 Nxc4 11. Nxc4 Re8 12. Qe4 Bh5 13. Bg5 f6 14. Be3 Bg6 15.
Qg4 Bxe3 16. Rxe3 Ne7 17. d4 Nd5 18. Ree1 e4 19. Nh4 Qc8 20. Qxc8 Raxc8 21. Nxg6 hxg6 22. Nd2 f5 23. Nc4 Nf4 24. Ne5 c5 25. g3 cxd4 26.
gxf4 d3 27. f3 g5 28. fxe4 fxe4 29. Rxe4 gxf4 30. Rd1 Rcd8 31. Kf2 Rd5 32. Rd4 Rdxe5 33. R1xd3 Re2+ 34. Kf3 Rxb2 35. Rd2 Rxd2 36. Rxd2 Re3+ 37.
Kxf4 Rxc3 38. Rd7 Rc2 39. Rxb7 Rxa2 40. h4 Ra4+ 41. Kg5 Kh7 42. h5 Ra5+ 43. Kg4 Kh6 44. Rd7 Ra4+ 45. Kf5 Ra5+ 46. Kg4 a6 47. Rd6+ Kh7 48.
Rb6 Ra4+ 49. Kg5 a5 50. Ra6 Ra1 51. Kg4 a4 52. Kf3 a3 53. Ke2 a2 54. Kd2 Rh1 0-1

[Event "*** SCC Grand Prix: Titled Tuesday Blitz"]
[Site "Chess.com"]
[Date "2020.07.21"]
[Round "2"]
[White "Kobalia"]
[Black "SilviusTiberius"]
[Result "1-0"]
[WhiteElo "2755"]
[BlackElo "2501"]
[TimeControl "180+1"]
[EndTime "10:18:27 PDT"]
[Termination "Kobalia won by checkmate"]

1. e4 c5 2. Nf3 Nc6 3. Bb5 g6 4. Bxc6 dxc6 5. O-O Bg7 6. d3 Nf6 7. a4 O-O 8. a5 Bg4 9. Nbd2 Qc7 10. h3 Bxf3 11.
Nxf3 e5 12. Qe1 Rae8 13. Qc3 Nd7 14. Be3 b6 15. axb6 axb6 16. b4 cxb4 17. Qxb4 Ra8 18. Nd2 Rfb8 19. Qb3 Bf8 20. Rfb1 Rxa1 21. Rxa1 Nc5 22.
Qa2 Ne6 23. Qa7 Rb7 24. Qa6 Bc5 25. Qc4 b5 26. Ra8+ Kg7 27. Qa2 Bxe3 28. fxe3 Qb6 29. Kf2 b4 30. Nc4 Qc5 31. Qa6 Rd7 32. Qa5 Qxa5 33.
Nxa5 c5 34. Ke2 Kf6 35. Nc4 h5 36. h4 Rb7 37. Na5 Rb5 38. Ra6 Kg7 39. Nb3 Rb8 40. Ra5 Rc8 41. Nd2 b3 42. cxb3 Rb8 43. Kd1 Rb7 44.
Kc2 g5 45. hxg5 Nxg5 46. Rxc5 f6 47. Nf3 Ne6 48. Rc6 Kf7 49. Nh4 Nd8 50. Rc4 Ke6 51.
Nf5 Ra7 52. Kb2 Ra8 53. b4 Rb8 54.
Kb3 Kf7 55. Rc7+ Kg6 56. Rg7# 1-0

[Event "*** SCC Grand Prix: Titled Tuesday Blitz"]
[Site "Chess.com"]
[Date "2020.07.21"]
[Round "2"]
[White "poppy73"]
[Black "FMKonstantin_Twitch"]
[Result "1/2-1/2"]
[WhiteElo "2262"]
[BlackElo "2583"]
[TimeControl "180+1"]
[EndTime "10:18:27 PDT"]
[Termination "Game drawn by stalemate"]

1. e4 e5 2. Nf3 Nc6 3. Bb5 a6 4.
Ba4 Nf6 5. d3 b5 6. Bb3 Bc5 7.
Nc3 d6 8. Nd5 Ng4 9. Be3 Nxe3 10. fxe3 O-O 11. O-O Ne7 12. d4 exd4 13. exd4 Ba7 14.
Ng5 Nf5 15. Qh5 Bxd4+ 16. Kh1 Nh6 17. c3 Be5 18. Ne3 Kh8 19. Rxf7 Rxf7 20. Qxh6 Qg8 21.
Nxf7+ Qxf7 22. Bxf7 gxh6 23. Bd5 Rb8 24. Rf1 Bb7 25.
Rf7 Bxd5 26. Nxd5 c6 27. Ne3 Kg8 28. Ra7 Rf8 29. g3 Rf2 30. Rxa6 Rxb2 31. Rxc6 Rxa2 32. Ng4 Rc2 33. Nxe5 dxe5 34. Rc5 Kg7 35. Rxb5 Rxc3 36. Rxe5 Kf6 37. Rf5+ Kg6 38. Rf4 h5 39. Kg2 Rc2+ 40.
Rf2 Rc3 41. Re2 Kf6 42. e5+ Ke6 43. Kh3 Rc4 44. Re3 h4 45. gxh4 Rf4 46. Re2 Rf5 47. Kg3 Rxe5 48. Rxe5+ Kxe5 49. Kg4 Kf6 50. Kh5 Kg7 51. Kg5 Kg8 52. Kh6 Kh8 53. h5 Kg8 54. Kg5 Kh8 55. Kf6 Kg8 56. h6 Kh8 57. Ke7 Kg8 58.
Ke8 Kh8 59. Kf8 1/2-1/2

[Event "*** SCC Grand Prix: Titled Tuesday Blitz"]
[Site "Chess.com"]
[Date "2020.07.21"]
[Round "2"]
[White "Fh2411"]
[Black "kirillshevchenko"]
[Result "0-1"]
[WhiteElo "2582"]
[BlackElo "2925"]
[TimeControl "180+1"]
[EndTime "10:18:30 PDT"]
[Termination "kirillshevchenko won by resignation"]

1. d4 Nf6 2. Nf3 g6 3. g3 Bg7 4.
Bg2 O-O 5. O-O d6 6. c4 Nbd7 7. Nc3 e5 8. e4 c6 9. h3 Qa5 10. Re1 exd4 11. Nxd4 Ne5 12. Nb3 Qc7 13. Nd2 Nd3 14. Re3 Nxc1 15. Rxc1 h5 16. Rd3 h4 17. g4 Bh6 18. Rc2 Nd7 19. Nf3 Ne5 20. Rxd6 Nxc4 21. Rd4 b5 22. Nxh4 Bg7 23. Rd3 Be6 24. Nf3 Rad8 25. b3 Na3 26. Rc1 Qb6 27. e5 Rxd3 28. Qxd3 Rd8 29. Qe2 Qc5 30. Qe1 Qb4 31. Ne4 Qxe1+ 32.
Rxe1 Nc2 33. Rc1 Nb4 34. Nf6+ Kf8 35. Ng5 Nd3 36. Nxe6+ fxe6 37. Rxc6 Nxe5 38. Rxe6 Kf7 39. Rxe5 Bxf6 40. Rxb5 Rd1+ 41. Bf1 Bd4 42. Rb7+ Kf6 43. Rb8 Rd2 44. Rf8+ Kg5 45. a4 Rb2 46. Bc4 Bc5 47.
Kg2 Bxf8 48. Kg3 Kf6 49. f4 Bd6 50. g5+ Kg7 51. Kg4 Rg2+ 52. Kf3 Rd2 53. Ke4 a5 54. h4 Rf2 55. Kd5 Bxf4 56. Kc5 Bg3 57. Kb5 Rf5+ 58. Ka6 Bxh4 59. Bb5 Be1 0-1